 Dungeon Crawl Stone Soup version 0.28-a0-533-g9f97627e2a (webtiles) character file.

Game seed: 10602207982289314568

1542 demibob the Slasher (level 8, -7/55 (56) HPs)
             Began as a Demonspawn Gladiator on Sept 25, 2021.
             Engulfed by a steam dragon's steam (12 damage)
             ... on level 7 of the Dungeon.
             The game lasted 00:16:15 (7650 turns).

demibob the Slasher (Demonspawn Gladiator)          Turns: 7650, Time: 00:16:16

HP:   -7/55 (56)    AC:  7    Str: 14    XL:     8   Next: 56%
MP:   12/12         EV: 17    Int: 13    God:
Gold: 253           SH:  0    Dex: 14    Spells: 7/13 levels left

rFire   . . .      SeeInvis .   a - +0 long sword (elec)
rCold   . . .      Faith    .   (no shield)
rNeg    . . .      Spirit   .   b - +0 leather armour
rPois   .          Reflect  .   (helmet restricted)
rElec   .          Harm     .   l - +0 cloak
rCorr   .          Rampage  .   i - +0 pair of gloves
Will    .....                   (no boots)
Stlth   +.........              (no amulet)
HPRegen 0.18/turn               (no ring)
MPRegen 0.13/turn               (no ring)

@: mighty, agile, lightly drained
A: horns 1, yellow scales 1, powered by pain 1, demonic magic 1
a: no special abilities


You were on level 7 of the Dungeon.
You visited 1 branch of the dungeon, and saw 7 of its levels.
You also visited: Sewer.

You collected 253 gold pieces.


Innate Abilities, Weirdness & Mutations

You have a pair of small horns on your head.
You are partially covered in yellow scales. (AC +2)
You sometimes gain a little power by taking damage.
Spells you cast may paralyse adjacent enemies.


   Skills:
 - Level 2.0 Fighting
 + Level 7.8 Long Blades
 - Level 1.7 Throwing
 - Level 1.5 Armour
 - Level 2.6 Dodging
 - Level 3.1 Spellcasting
 - Level 5.1 Hexes
 + Level 2.3 Necromancy


You had 7 spell levels left.
You knew the following spells:

 Your Spells              Type           Power      Damage    Failure   Level
c - Confusing Touch       Hex            15%        N/A       10%         3
p - Pain                  Necr           32%        1d5       11%         1
s - Slow                  Hex            15%        N/A       4%          2

Your spell library contained the following spells:

 Spells                   Type           Power      Damage    Failure   Level
 Portal Projectile        Hex/Tloc       16%        N/A       28%         3
 Vampiric Draining        Necr           4%         2d6       32%         3
 Call Canine Familiar     Summ           2%         N/A       63%         3
 Leda's Liquefaction      Hex/Erth       4%         N/A       67%         4
 Agony                    Necr           8%         N/A       96%         5
 Excruciating Wounds      Necr           4%         N/A       96%         5

Inventory:

Hand Weapons
 a - a +0 long sword of electrocution (weapon)
Missiles
 d - 3 throwing nets (quivered) {=f}
Armour
 b - a +0 leather armour (worn)
 i - a +0 pair of gloves (worn)
 l - a +0 cloak (worn)
Jewellery
 k - an amulet of regeneration
 p - an amulet of reflection
Wands
 f - a wand of iceblast (3)
 j - a wand of flame (17)
 q - a wand of acid (10)
Scrolls
 e - 7 scrolls of teleportation {@r2}
 h - 5 scrolls of identify {@r1}
 r - a scroll of noise {unknown}
 t - a scroll of fog
 u - a scroll of fear
Potions
 c - a potion of brilliance {unknown}
 g - a potion of lignification {unknown}
 m - a potion of degeneration {unknown}
 n - 2 potions of mutation {unknown}
 o - 2 potions of cancellation {unknown}
 s - a potion of curing {@q1}

Dungeon Overview and Level Annotations

Branches:
Dungeon (7/15)              Sewer (visited)
 Temple: D:4-7

Altars:
Ashenzari
Elyvilon
Ru
Uskayaw
Wu Jian
Yredelemnul
Lugonu

Shops:
D:3 [?:[:

Portals:
Abyss: D:4

Annotations:
D:3 3 runed translucent doors, Atlas's ghost, amateur DgEE
D:4 2 runed translucent doors

#.# ..##### #.#
.#### #.# .# #.#
)# #.##### .#
#.....##########
.#####
#####....<...§§#
.....
#####.##.#§##§§#
#.##..§§@D§#
#.####.###.#
#.####.# ▒
#......#
########


You could see a steam dragon (catching breath).


Message History

The puff of frost hits you!
You focus on the pain.
You feel agile all of a sudden. The white imp gestures at you.
The puff of frost hits you!
You focus on the pain.
You feel very mighty all of a sudden.
You see here 11 gold pieces.
The white imp closely misses you.
You slash the white imp!
The white imp is almost dead.
The white imp gestures at you. The puff of frost hits you.
* * * LOW HITPOINT WARNING * * *
You hit the white imp but do no damage.
Lightning courses through the white imp!
You kill the white imp!
You now have 253 gold pieces (gained 11).
A steam dragon comes into view.
The steam dragon hisses angrily.
The steam dragon breathes steam at you. The ball of steam hits you!
* * * LOW HITPOINT WARNING * * *
The steam dragon moves out of view.
Found a hunting sling.
You are engulfed in a cloud of scalding steam.
* * * LOW HITPOINT WARNING * * *
You hit the steam dragon.
Lightning courses through the steam dragon!
The steam dragon is severely wounded.
You are engulfed in a cloud of scalding steam.
You die...

Skill      XL: |  1  2  3  4  5  6  7  8 |
---------------+-------------------------+-----
Long Blades    | 3 4 5 6 7 |  7.8
Hexes          | 1 2 4 5 |  5.1
Armour         | 1 |  1.5
Spellcasting   | 2 3 |  3.1
Necromancy     | 2 |  2.3
Fighting       | |  2.0
Throwing       | |  1.7
Dodging        | |  2.6

Action                   |  1- 3 |  4- 6 |  7- 9 || total
-------------------------+-------+-------+-------++-------
Melee: Long sword        |   129 |   170 |   311 ||   610
       Headbutt          |       |       |    15 ||    15
 Cast: Slow              |       |     1 |     7 ||     8
       Confusing Touch   |       |       |     1 ||     1
  Use: Potion            |       |     5 |       ||     5
       Scroll            |       |     4 |     4 ||     8
 Stab: Sleeping          |       |       |     1 ||     1
Armor: Leather armour    |    55 |    51 |   159 ||   265
Dodge: Dodged            |   113 |   139 |   227 ||   479

Levels and vault maps discovered:
D:1:      dpeg_arrival_rhombi, layout_basic, serial_forest,
          infiniplex_forest_join, infiniplex_forest_join,
          infiniplex_forest_clump_tiny, infiniplex_forest_corner_1,
          infiniplex_forest_zigzag_1, infiniplex_forest_clump_double,
          infiniplex_forest_lined_2
D:2:      layout_rooms, chequers_serial_rivers_room_b, uniq_terence
D:3:      layout_basic, nicolae_yredelemnul_ghost_church, serial_bayou,
          serial_bayou_crossing, serial_bayou_lagoon_a, serial_bayou_pond_d,
          serial_bayou_shore_b, serial_bayou_pond_c,
          shapermc_ecumenical_altar_starsandcircs, serial_shops,
          nicolae_shop_stone, nicolae_shop_trees,
          nicolae_shop_temple_entry_statues_fountains, shop, shop,
          serial_bayou_ford_a
D:4:      due_chaos_kobolds, layout_basic, nicolae_wu_jian_immortal_techniques,
          evilmike_ruin_ashenzari, mainiacjoe_overflow_alcove_2,
          kennysheep_pointless_box, chequers_arboretum, minmay_misc_feat_alley,
          uniq_eustachio
D:5:      layout_loops_ring, lemuel_round_altar
D:6:      layout_rooms, mainiacjoe_overflow_alcove_4,
          nicolae_ru_sacrificial_ziggurat, gup_sewer_entry_bowl
D:7:      layout_loops_cross, minmay_temple_entry_poolview, enter_bailey_5,
          ebering_ghost_gozag, minmay_door_square, uniq_maggie

Notes
Turn   | Place    | Note
-------+----------+-------------------------------------------
     0 | D:1      | demibob the Demonspawn Gladiator began the quest for the
                  | Orb.
     0 | D:1      | Reached XP level 1. HP: 16/16 MP: 1/1
   131 | D:1      | Reached skill level 3 in Long Blades
   326 | D:1      | Gained mutation: Spells you cast may paralyse adjacent
                  | enemies. [demonic ancestry]
   326 | D:1      | Reached XP level 2. HP: 22/22 MP: 2/2
   773 | D:1      | Reached XP level 3. HP: 27/27 MP: 3/3
   776 | D:1      | Learned a level 2 spell: Slow
  1140 | D:2      | Noticed Terence
  1183 | D:2      | Reached skill level 4 in Long Blades
  1398 | D:2      | Reached skill level 1 in Hexes
  1780 | D:2      | Gained mutation: You are partially covered in yellow
                  | scales. (AC +2) [demonic ancestry]
  1780 | D:2      | Reached XP level 4. HP: 32/33 MP: 4/4
  1865 | D:2      | Killed Terence
  1890 | D:2      | Reached skill level 2 in Hexes
  1900 | D:2      | HP: 3/33 [poisoned by an adder]
  2245 | D:2      | Reached XP level 5. HP: 24/38 MP: 5/5
  2699 | D:3      | Found Juraes's Book Shop.
  2703 | D:3      | Found Vidyol Kann's Armour Boutique.
  2800 | D:3      | Found a faded altar of an unknown god.
  3054 | D:3      | Found Tanliufie's Magic Scroll Emporium.
  3090 | D:3      | Found Etzegy's Antique Armour Emporium.
  3157 | D:3      | Found Atec's Book Emporium.
  3272 | D:3      | Found a runed translucent gate.
  3272 | D:3      | Found a runed translucent gate.
  3272 | D:3      | Found a runed translucent gate.
  3272 | D:3      | Noticed Atlas's ghost (amateur DgEE)
  3275 | D:3      | Found a basalt altar of Yredelemnul.
  3291 | D:3      | Reached skill level 1 in Armour
  3519 | D:3      | Reached skill level 5 in Long Blades
  3657 | D:4      | Noticed Eustachio
  3700 | D:4      | Killed Eustachio
  3701 | D:4      | Reached skill level 2 in Spellcasting
  3701 | D:4      | Gained mutation: You sometimes gain a little power by
                  | taking damage. [demonic ancestry]
  3701 | D:4      | Reached XP level 6. HP: 25/44 MP: 5/9
  3834 | D:4      | Found a broken altar of Ashenzari.
  3921 | D:4      | Found a one-way gate to the infinite horrors of the Abyss.
  4055 | D:4      | Found an ornate altar of the Wu Jian Council.
  4142 | D:4      | Reached XP level 7. HP: 42/50 MP: 9/11
  4275 | D:4      | Found a large runed translucent door.
  4275 | D:4      | Found a large runed translucent door.
  4283 | D:4      | Found a corrupted altar of Lugonu.
  4289 | D:4      | Found a hide-covered altar of Uskayaw.
  4313 | D:4      | You fall into a shaft and drop 2 floors!
  4362 | D:6      | Reached skill level 6 in Long Blades
  4369 | D:6      | Reached skill level 3 in Spellcasting
  4407 | D:6      | Found a glowing drain.
  4411 | Sewer    | Entered a sewer
  5212 | Sewer    | Reached skill level 3 in Hexes
  5370 | D:5      | Entered Level 5 of the Dungeon
  5374 | D:5      | Identified the +2 ring mail of the Blind Marksman {Will+
                  | Regen+ Str-3 SInv}
  5377 | D:5      | Reached skill level 4 in Hexes
  5623 | D:5      | Gained mutation: You have a pair of small horns on your
                  | head. [demonic ancestry]
  5623 | D:5      | Reached XP level 8. HP: 54/56 MP: 12/12
  5628 | D:5      | Learned a level 3 spell: Confusing Touch
  5731 | D:5      | Reached skill level 7 in Long Blades
  6506 | D:5      | Reached skill level 5 in Hexes
  6765 | D:5      | Learned a level 1 spell: Pain
  6966 | D:6      | Found a sacrificial altar of Ru.
  7284 | D:6      | Reached skill level 1 in Necromancy
  7599 | D:7      | Reached skill level 2 in Necromancy
  7649 | D:7      | HP: 4/55 [steam dragon] (7)]
  7650 | D:7      | Engulfed by a steam dragon's steam

Vanquished Creatures
  Eustachio (D:4)
  A water moccasin (D:5)
  An ogre (D:6)
  3 bullfrogs
  A scorpion (D:5)
  A water moccasin skeleton (D:4)
  A howler monkey (D:5)
  A centaur zombie (D:7)
  2 hounds
  2 bullfrog skeletons
  2 jellies
  2 centaur skeletons
  3 iguanas
  Terence (D:2)
  5 orc wizards
  A killer bee zombie (D:3)
  A hound zombie (D:3)
  2 hound skeletons (D:4)
  9 adders
  8 gnolls
  A white imp (D:7)
  A worm (D:2)
  An adder skeleton (D:4)
  5 dart slugs
  4 orcs
  19 endoplasms
  14 giant cockroaches
  6 goblins
  5 hobgoblins
  4 jackals (D:2)
  15 kobolds
  18 quokkas
  11 ball pythons
  A ball python zombie (D:3)
  5 bats
  19 frilled lizards
  10 rats
187 creatures vanquished.

Vanquished Creatures (others)
  33 plants (D:3)
33 creatures vanquished.

Grand Total: 220 creatures vanquished

Table legend: (Time is in decaauts)
 A = Elapsed time spent in this place.
 B = Non-inter-level travel time spent in this place.
 C = Inter-level travel time spent in this place.
 D = Time resting spent in this place.
 E = Time spent auto-exploring this place.
 F = Levels seen in this place.
 G = Mean time per level.
                   A        B        C        D        E       F      G
               +--------+--------+--------+--------+--------+-----+--------+
         Total |   7860 |   7718 |    142 |   2242 |   3831 |   8 |  982.5 |
       Dungeon |   6919 |   6777 |    142 |   1990 |   3466 |   7 |  988.4 |
         Sewer |    940 |    940 |      0 |    252 |    365 |   1 |  940.0 |
               +--------+--------+--------+--------+--------+-----+--------+

Top non-repeatable levels by time:
     D:5: 1556 daAuts
     D:1: 1471 daAuts
     D:2: 1149 daAuts
     D:3: 1107 daAuts
   Sewer: 940 daAuts
     D:4: 697 daAuts
     D:6: 658 daAuts
     D:7: 279 daAuts

Table legend:
 A = Non-vault XP
 B = Vault XP
 C = Vault XP percentage of total XP
 D = Non-vault monster count
 E = Vault monster count
 F = Vault count percentage of total count
                 A         B        C        D         E       F
            +---------+---------+-------+---------+---------+-------
      Total |    1637 |     567 |  25.7 |     116 |      71 |  38.0
            +---------+---------+-------+---------+---------+-------
        D:1 |      49 |       0 |   0.0 |      30 |       0 |   0.0
        D:2 |     117 |      36 |  23.5 |      24 |       1 |   4.0
        D:3 |     105 |      24 |  18.6 |      18 |       2 |  10.0
        D:4 |     253 |     197 |  43.8 |      17 |       1 |   5.6
        D:5 |     547 |       0 |   0.0 |      14 |       0 |   0.0
        D:6 |     331 |       4 |   1.2 |       8 |       3 |  27.3
        D:7 |     235 |       0 |   0.0 |       5 |       0 |   0.0
      Sewer |       0 |     306 | 100.0 |       0 |      64 | 100.0
            +---------+---------+-------+---------+---------+-------
